 Dungeon Crawl Stone Soup version 0.27.0-1-g7a089689b8 (webtiles) character file.

Game seed: 6391704901824126057

73 robertstho the Magician (level 4, 0/31 HPs)
             Began as a Djinni Fire Elementalist on Aug 10, 2021.
             Killed from afar by Natasha (3 damage)
             ... with a puff of flame
             ... on level 3 of the Dungeon.
             The game lasted 00:02:09 (2854 turns).

robertstho the Magician (Djinni Fire Elementalist)  Turns: 2854, Time: 00:02:10

Health: 0/31       AC:  2    Str:  7    XL:     4   Next: 51%
Gold:   68         EV: 12    Int: 17    God:
                   SH:  0    Dex: 14

rFire    + + .     SeeInvis .   j - +0 short sword
rCold    x . .     Faith    .   (no shield)
rNeg     . . .     Spirit   .   a - +0 robe
rPois    ∞         Reflect  .   (no helmet)
rElec    .         Harm     .   (no cloak)
rCorr    .         Rampage  .   (no gloves)
Will     .....                  (boots unavailable)
Stlth    ++........             (no amulet)
HPRegen  0.10/turn              (no ring)
MPRegen  0.00/turn              (no ring)

@: flying
A: sickness immunity, fire resistance 2, cold vulnerability 1, float, innate
caster, hp casting, extra vitality 1
a: no special abilities


You were on level 3 of the Dungeon.
You visited 1 branch of the dungeon, and saw 3 of its levels.

You collected 68 gold pieces.

Inventory:

Hand Weapons
 j - a +0 short sword (weapon)
Armour
 a - a +0 robe (worn)
Scrolls
 b - a scroll of identify {unknown}
 c - a scroll of noise {unknown}
 e - a scroll of teleportation {unknown}
 f - a scroll of enchant weapon {unknown}
 g - a scroll of fear {unknown}
 i - 2 scrolls of amnesia {unknown}
Potions
 d - a potion of lignification {unknown}
 h - a potion of mutation {unknown}


   Skills:
 * Level 0.8 Fighting
 + Level 2.2 Dodging
 + Level 2.0 Stealth
 * Level 3.6 Spellcasting


You couldn't memorise any spells.
You knew the following spells:

 Your Spells              Type           Power      Damage    Failure   Level
a - Foxfire               Conj/Fire      60%        2x1d7     3%          1
b - Conjure Flame         Conj/Fire      15%        6-21      11%         3
c - Inner Flame           Hex/Fire       15%        N/A       11%         3
d - Sticky Flame          Conj/Fire      15%        2d4       36%         4
e - Fireball              Conj/Fire      7%         3d5       71%         5
f - Magic Dart            Conj           60%        1d6       3%          1
Your spell library was empty.

Dungeon Overview and Level Annotations

Branches:
Dungeon (3/15)

Altars:
Cheibriados

Annotations:
D:3 Natasha


Innate Abilities, Weirdness & Mutations

You are immune to sickness and miasma.
You are immune to poison.
Your flesh is very heat resistant. (rF++)
You are vulnerable to cold. (rC-)
You float through the air rather than walking.
You learn spells naturally, not from books.
Your magical power is your life essence.
You have superior vitality. (+4 HP)


Message History

You conjure some foxfire!
The foxfire hits Natasha.
Natasha is heavily wounded.
The foxfire hits the dart slug.
The dart slug is heavily wounded.
Casting: Foxfire (safe; 4% risk of failure)
Press: ? - help, Q - select action, (/) - cycle Dir - look around, f - activate You conjure some foxfire!
The foxfire hits Natasha.
Natasha is almost dead.
The foxfire hits the dart slug but does no damage.
The dart slug is heavily wounded.
Natasha claws you!
Casting: Foxfire (safe; 4% risk of failure)
Press: ? - help, Q - select action, (/) - cycle Dir - look around, f - activate You conjure some foxfire!
The foxfire hits the dart slug.
The dart slug is almost dead.
Natasha wildly gestures.
You feel troubled. Natasha barely misses you.
Casting: Foxfire (safe; 4% risk of failure)
Press: ? - help, Q - select action, (/) - cycle Dir - look around, f - activate You conjure some foxfire!
The foxfire hits the dart slug.
You kill the dart slug!
The foxfire hits Natasha.
You kill Natasha!
Natasha screams in pain as she dies!
Your Stealth skill increases to level 2!
You have reached level 4!
You feel agile.
Your foxfire dissipates!
Natasha, Servant of Life and Death comes into view.
She is carrying a wand of flame (21).
Natasha mewls in sadness.
Natasha stares at you and mumbles some strange words.
The magic dart hits you!
* * * LOW HITPOINT WARNING * * *
Natasha zaps a wand.
The puff of flame hits you. You resist.
You die...

+..#
..#
##..# #
#.....#
#.#.#.
##..†.
#....#
#...@#
#....##
h......
###....
#....
#....
#####


You could see Natasha.

Vanquished Creatures
  Natasha (D:3)
  2 dart slugs
  2 ball pythons (D:1)
  7 endoplasms
  3 giant cockroaches
  5 goblins
  2 hobgoblins (D:2)
  3 jackals (D:1)
  6 kobolds
  A quokka (D:3)
  2 bats
  4 frilled lizards
  A rat (D:2)
39 creatures vanquished.

Vanquished Creatures (others)
  162 foxfires
162 creatures vanquished.

Grand Total: 201 creatures vanquished

Notes
Turn   | Place    | Note
-------+----------+-------------------------------------------
     0 | D:1      | robertstho the Djinni Fire Elementalist began the quest for
                  | the Orb.
     0 | D:1      | Reached XP level 1. HP: 15/15 MP: 0/0
     2 | D:1      | Noticed a naga
     2 | D:1      | Noticed an elf
     4 | D:1      | Noticed a ghoul
     4 | D:1      | Noticed an ogre
     6 | D:1      | Noticed a dwarf
     8 | D:1      | Noticed a demigod
     8 | D:1      | Noticed a djinni
    10 | D:1      | Noticed a merfolk
    10 | D:1      | Noticed a spriggan
    12 | D:1      | Noticed a gargoyle
    12 | D:1      | Noticed a minotaur
    14 | D:1      | Noticed a tengu
    14 | D:1      | Noticed a formicid
    16 | D:1      | Noticed a vampire
    18 | D:1      | Noticed a draconian
    20 | D:1      | Noticed a demonspawn
    20 | D:1      | Noticed a barachi
    22 | D:1      | Noticed a felid
    22 | D:1      | Noticed an octopode
    24 | D:1      | Noticed a palentonga
    24 | D:1      | Noticed a human
    26 | D:1      | Noticed a vine stalker
    26 | D:1      | Noticed a troll
   150 | D:1      | Reached XP level 2. HP: 14/21 MP: 0/0
   970 | D:1      | Found a faded altar of an unknown god.
  1055 | D:1      | Reached skill level 3 in Spellcasting
  1448 | D:2      | Reached XP level 3. HP: 23/26 MP: 0/0
  1448 | D:2      | Learned a level 1 spell: Magic Dart
  2101 | D:2      | Found a snail-covered altar of Cheibriados.
  2836 | D:3      | Noticed Natasha
  2844 | D:3      | Killed Natasha
  2845 | D:3      | Reached XP level 4. HP: 12/31 MP: 0/0
  2853 | D:3      | Noticed Natasha
  2854 | D:3      | Killed from afar by Natasha

Illustrated notes

Levels and vault maps discovered:
D:1:      kb_arrival_jail, layout_basic, chequers_ecumenical_altar_simple,
          grunt_decor_resistance, minmay_misc_feat_columns
D:2:      minmay_diamond_boxcup, layout_basic, basic_altar, minmay_misc_feat_x
D:3:      layout_basic, trog_book, st_stairs_13, minmay_divided_ellipse,
          uniq_natasha

Skill      XL: |  1  2  3 |
---------------+----------+-----
Spellcasting   | 3 |  3.6
Stealth        | 2 |  2.0
Fighting       | |  0.8
Dodging        | |  2.2

Action                   |  1- 3 |  4- 6 || total
-------------------------+-------+-------++-------
Melee: Unarmed           |     1 |       ||     1
       Short sword       |     3 |       ||     3
 Cast: Foxfire           |    99 |       ||    99
Armor: Robe              |     2 |       ||     2
Dodge: Dodged            |    16 |       ||    16
